[Event "37th ECCC 2022"]
[Site "Mayrhofen"]
[Date "2022.10.04"]
[Round "2.69"]
[White "Polzin, Rainer"]
[Black "Nivala, Tuomas"]
[Result "*"]
[ECO "E61"]
[WhiteElo "2385"]
[BlackElo "2222"]
[Annotator "TA"]
[PlyCount "32"]
[EventDate "2022.10.03"]
[EventType "team-tourn"]
[EventCountry "AUT"]
[SourceTitle "playchess.com"]
[Source "ChessBase"]
[SourceQuality "1"]
[TimeControl "40/5400+30:1800+30"]

1. d4 Nf6 2. c4 g6 3. Nc3 Bg7 4. e4 d6 5. Be2 O-O 6. Nf3 Nbd7 7. O-O e5 8. Qc2 Qe7 9. d5 {[%emt 0:00:31] [#] E94: King's Indian: Classical: 6 Be2 e5 7 0-0: Various Black 7th moves.} (9. Be3 {keeps more tension.} b6 10. Nd5 Nxd5 11. cxd5 exd4 12. Bxd4 Nc5 13. Bxg7 Kxg7 14. Rfe1) 9... Kh8 $146 ({Predecessor:} 9... a5 10. Be3 Ng4 11. Bg5 f6 12. Bd2 Nc5 13. h3 Nh6 14. Nh4 f5 15. f3 Nf7 16. Be3 Bd7 17. b3 f4 18. Bf2 Bf6 {½-½ (18) Cruz,C (2554)-Oratovsky,M (2499) Catalunya 2014}) 10. Bg5 h6 11. Bd2 {[%emt 0:00:05] White is slightly better.} Ng8 (11... a5 $14) 12. Rae1 f5 13. exf5 gxf5 14. Kh1 {[%emt 0:00:07] White has more active pieces. The black rooks are badly placed.} a6 15. b4 c5 16. a3 Qf6 {[%emt 0:02:06] Weighted Error Value: White=0.16 (very precise) /Black=0.24 (precise)} *

[Event "37th ECCC 2022"]
[Site "Mayrhofen"]
[Date "2022.10.04"]
[Round "2.69"]
[White "Lever, Erwan"]
[Black "Paasikangas, Johanna"]
[Result "1-0"]
[ECO "E91"]
[WhiteElo "2242"]
[BlackElo "2125"]
[Annotator "TA"]
[PlyCount "89"]
[EventDate "2022.10.03"]
[EventType "team-tourn"]
[EventCountry "AUT"]
[SourceTitle "playchess.com"]
[Source "ChessBase"]
[SourceQuality "1"]
[TimeControl "40/5400+30:1800+30"]

1. d4 Nf6 2. c4 g6 3. Nc3 Bg7 4. e4 d6 5. Be2 O-O 6. Nf3 Nbd7 7. O-O e5 8. Qc2 Qe7 9. d5 {[%emt 0:00:31] [#] E94: King's Indian: Classical: 6 Be2 e5 7 0-0: Various Black 7th moves.} Kh8 $146 (9... a5 $14 {deserves consideration.}) ({Predecessor:} 9... a5 10. Be3 Ng4 11. Bg5 f6 12. Bd2 Nc5 13. h3 Nh6 14. Nh4 f5 15. f3 Nf7 16. Be3 Bd7 17. b3 f4 18. Bf2 Bf6 {½-½ (18) Cruz,C (2554)-Oratovsky,M (2499) Catalunya 2014}) 10. Bg5 $16 h6 11. Bd2 {[%emt 0:00:05] White is better.} Ng8 12. Rae1 f5 13. exf5 gxf5 14. Kh1 a6 15. b4 c5 {[%emt 0:00:48] White stays focused until the end.} ({Black should play} 15... Qf7 $14) 16. a3 Qf6 17. g3 $1 Ne7 18. Nh4 Ng6 19. Ng2 {[%emt 0:00:21] White has more active pieces. The black rooks are badly placed.} Rf7 (19... b5 $16 {was called for.}) 20. Bh5 {[%emt 0:05:50] And now f4 would win.} b6 (20... b5 $16 {keeps fighting.}) 21. f4 $18 Ndf8 22. Na4 b5 (22... Rb7 23. bxc5 bxc5) 23. Nb6 Rb8 24. bxc5 Rxb6 $2 (24... e4 25. Nxc8 dxc5) 25. cxb6 bxc4 26. Qxc4 Bb7 27. Bc3 Qd8 28. Nh4 Kh7 29. Nxg6 Nxg6 30. g4 {[%emt 0:04:04] gxf5 is the strong threat.} Qxb6 31. gxf5 Rxf5 32. Bxg6+ Kxg6 33. Rb1 (33. fxe5 $142 Qc5 34. Qg4+ Kh7 35. Qxf5+ Kh8 36. exd6 $1 Qxd5+ 37. Qxd5 Bxd5+ 38. Kg1 Bxc3 39. d7) 33... Qa7 34. Rg1+ Kh7 {[%emt 0:00:15] [#]} 35. fxe5 (35. Rxg7+ $142 $1 Kxg7 36. Qc7+ Kg6 37. Rxb7 Qxb7 38. Qxb7 Rxf4 39. Qxa6) 35... dxe5 36. Qe4 Bc8 37. Rgf1 Qf7 38. Rf3 $2 (38. Rb8 Bd7 39. Rd8) 38... Qh5 $2 (38... Qg6 39. Re3 (39. Rg1 Rg5 $18) 39... Bb7) 39. Rbf1 Kg6 40. d6 {[%emt 0:02:11][%cal Bd5d6,Bd6d7][%mdl 32] Rxf5 would kill now.} Be6 41. Ba5 (41. Rxf5 $142 Bxf5 42. Rg1+ Qg5 43. Rxg5+ hxg5 44. Qc6 Bf6 45. d7 Bxd7 46. Qxd7) 41... Bf6 {[%emt 0:04:58] White is clearly winning.} 42. Rxf5 Bxf5 {[%emt 0:00:04] [#]} 43. Qxf5+ $1 Qxf5 44. Rxf5 Kxf5 45. d7 {[%emt 0:00:00] Weighted Error Value: White=0.45/Black=0.81} 1-0

[Event "37th ECCC 2022"]
[Site "Mayrhofen"]
[Date "2022.10.04"]
[Round "2.70"]
[White "Franssila, Tommi"]
[Black "Weber, Daniel"]
[Result "*"]
[WhiteElo "2167"]
[BlackElo "2145"]
[Annotator "TA"]
[PlyCount "26"]
[EventDate "2022.10.03"]
[EventType "team-tourn"]
[EventCountry "AUT"]
[SourceTitle "playchess.com"]
[Source "ChessBase"]
[SourceQuality "1"]
[TimeControl "40/5400+30:1800+30"]

1. e4 e6 2. d4 d5 3. e5 c5 4. c3 Nc6 5. Nf3 Qb6 6. a3 c4 7. Nbd2 Na5 8. g3 Bd7 9. Bg2 Ne7 10. O-O h6 {[%emt 0:02:08] was the old line (10...Qc7).} 11. h4 {[%emt 0:05:27] C02: French: Advance Variation.} Nc8 {[%emt 0:00:45] [#]} 12. Ne1 $146 ({Predecessor:} 12. h5 Be7 13. Ne1 Qc7 14. Qg4 Bf8 15. Nc2 Ne7 16. Ne3 O-O-O 17. Qh4 Kb8 18. Bh3 Bc8 {0-1 (79) Edouard,R (2664)-Bauer,C (2664) Cap d'Agde 2012}) 12... Qc7 13. f4 Nb6 {[%emt 0:00:43] White did not feel at home in the position after the opening.  Weighted Error Value: White=0.17 (very precise) /Black=0.05 (flawless)} *

[Event "37th ECCC 2022"]
[Site "Mayrhofen"]
[Date "2022.10.04"]
[Round "2.70"]
[White "Vihinen, Teemu"]
[Black "Tabernig, Bernhard"]
[Result "0-1"]
[ECO "C02"]
[WhiteElo "2126"]
[BlackElo "2310"]
[Annotator "TA"]
[PlyCount "130"]
[EventDate "2022.10.03"]
[EventType "team-tourn"]
[EventCountry "AUT"]
[SourceTitle "playchess.com"]
[Source "ChessBase"]
[SourceQuality "1"]
[TimeControl "40/5400+30:1800+30"]

1. e4 e6 2. d4 d5 3. e5 c5 4. c3 Nc6 5. Nf3 Qb6 6. a3 c4 7. Nbd2 Na5 8. g3 Bd7 9. Bg2 Ne7 10. O-O h6 {[%emt 0:02:08] is the legacy move (10...Qc7).} 11. h4 {[%emt 0:05:27] C02: French: Advance Variation.} Nc8 {[%emt 0:00:45] [#]} 12. Ne1 $146 ({Predecessor:} 12. h5 Be7 13. Ne1 Qc7 14. Qg4 Bf8 15. Nc2 Ne7 16. Ne3 O-O-O 17. Qh4 Kb8 18. Bh3 Bc8 {0-1 (79) Edouard,R (2664)-Bauer,C (2664) Cap d'Agde 2012}) 12... Qc7 13. f4 (13. Nef3 $11) 13... Nb6 14. h5 O-O-O 15. Bh3 g6 16. Ng2 Be7 17. Ne3 Rdg8 {[%emt 0:03:33] ...gxh5 is the strong threat.} 18. Kh2 Kb8 19. Rb1 Qd8 ({Black should play} 19... gxh5 $17 {White must now prevent ...h4.} 20. Qxh5 f5) 20. Qe2 (20. hxg6 $11 {remains equal.} fxg6 21. b4 cxb3 22. Nxb3 Nxb3 23. Qxb3) 20... Ba4 (20... gxh5 $17 21. Qxh5 f5) 21. Nf3 ({White should try} 21. hxg6 $11 Rxg6 22. f5 exf5 23. Bxf5) 21... Bd7 22. Bd2 Nb3 23. Be1 Na4 (23... gxh5 {with more complications.} 24. f5 exf5 25. Nxf5 Be6) 24. Qc2 b5 (24... gxh5 $15 25. Bf2 Nb6) 25. g4 $14 Kb7 26. Bf2 Nb6 27. f5 Qc8 $2 (27... Bg5 $11) 28. hxg6 $18 exf5 $2 (28... fxg6 29. f6 (29. fxg6 Be8 $11) 29... Bd8) 29. Nxf5 (29. gxf7 fxg4 30. fxg8=N Rxg8 $18) 29... Qf8 30. g7 (30. Bh4 $142 Bxf5 31. gxf5 Bxh4 32. Nxh4) 30... Rxg7 31. Nxg7 Qxg7 32. Bh4 h5 $2 (32... Bg5 {keeps fighting.} 33. Qg2 Be6) 33. g5 (33. Bxe7 hxg4 34. Ng5 Be6 $18) 33... Bg4 34. Qg2 Qg6 35. Bxg4 hxg4 36. Qxg4 Qc2+ 37. Qg2 Qe4 38. Rbe1 Rxh4+ (38... Qg6 39. Kg1 Rg8) 39. Nxh4 Qxh4+ 40. Qh3 Qxg5 41. Re2 (41. Rxf7 Qd2+ 42. Qg2 Qxe1 $11) 41... Qg8 42. Rg2 Qe8 43. Qh7 Na5 44. Rxf7 Nc6 45. Rgg7 Nc8 46. Kg1 Qd7 47. Qg6 a5 48. Qf5 Kc7 49. e6 (49. Rf6 $142) 49... Qd6 50. Rf8 b4 51. axb4 axb4 52. Re8 $2 (52. Kg2 $1 $18) 52... bxc3 $11 53. bxc3 {[%emt 0:00:06] aiming for Rh8.} Qa3 $1 54. Qf4+ Kb7 $1 55. Qe3 Qa1+ 56. Kg2 Qb2+ 57. Kh3 Qb1 58. Qf3 {[%emt 0:00:29][%cal Oe8c8] Hoping for Rxc8!} Qc1 (58... Qe1 $1 $11) 59. Rgg8 $2 (59. Rh8 $16 {is forced if you want to stay better.}) 59... Nd6 $1 $19 60. Ra8 $2 ({Wrong is} 60. Qxd5 $2 Nxe8 61. Rxe8 Qh6+ 62. Kg3 Qg6+ 63. Kf4 Qh6+ 64. Kg3 Qg6+ 65. Kf4 Qxe8 $19) (60. Ref8) 60... Qh6+ $2 {[%emt 0:00:13] The board is on fire.} ({Better is} 60... Ne4 $19 61. Kg2 Qc2+ 62. Kg1 Bd6) 61. Kg2 $11 Qxe6 62. Qg3 Qe2+ 63. Kh3 ({Don't go for} 63. Qf2 $2 Qxf2+ 64. Kxf2 Ne4+ 65. Ke3 Bg5+ 66. Kf3 Nxc3 $19) (63. Kg1 $1 $11) 63... Qd3 $17 {[%emt 0:00:37][%mdl 1024] Threatens to win with ...Ne4. Black has strong compensation.} 64. Ra2 {[%emt 0:01:03] [#]} Qb1 65. Qg2 ({Not} 65. Rg7 $2 Nf5 66. Qg2 Qd3+ 67. Rg3 Ne3 68. Rb2+ {[#]} Nb4 $1 69. Rxe3 Qxe3+ 70. Qg3 Qc1 $19) (65. Re2 $17) 65... Qh7+ {[%emt 0:00:08] Never resign too early!  Weighted Error Value: White=0.53/Black=0.34} 0-1

[Event "37th ECCC 2022"]
[Site "Mayrhofen"]
[Date "2022.10.04"]
[Round "2.71"]
[White "Schiestl, Josef"]
[Black "Tahkavuori, Tapani"]
[Result "1/2-1/2"]
[ECO "A65"]
[WhiteElo "2123"]
[BlackElo "2070"]
[Annotator "TA"]
[PlyCount "71"]
[EventDate "2022.10.03"]
[EventType "team-tourn"]
[EventCountry "AUT"]
[SourceTitle "playchess.com"]
[Source "ChessBase"]
[SourceQuality "1"]
[TimeControl "40/5400+30:1800+30"]

1. d4 Nf6 2. c4 c5 3. d5 e6 4. Nc3 exd5 5. cxd5 d6 6. e4 g6 7. Bd3 Bg7 8. h3 O-O 9. Nf3 b5 10. Nxb5 Nxe4 11. Bxe4 Re8 12. Ng5 Qa5+ 13. Nc3 Ba6 {[%emt 0:00:32] aiming for ...h6.} 14. Bd2 {[%emt 0:22:06] Threatens to win with Qf3. A70: Modern Benoni: 6 e4 g6 7 Nf3.} (14. Qf3 $6 f5 $11) 14... Nd7 15. f4 {[%emt 0:04:07] [#] Prevents Ne5.} (15. Qf3 Ne5 16. Qg3 Rab8 $17) (15. Qc2 $1 $16) 15... h6 $146 {[%emt 0:07:28] [#]} (15... Rab8 $1 $11 16. Qc2 f5) ({Predecessor:} 15... Rab8 16. Qc2 f5 17. Ne6 fxe4 18. Nxe4 Qb5 19. Bc3 Qc4 20. O-O-O Bh6 21. g3 Rb6 22. a3 Qe2 23. Rhe1 Qf3 24. N6g5 Bxg5 25. Nxg5 Rxe1 26. Nxf3 {1-0 (26) Movsziszian,K (2440)-Voigt,M (2280) Hamburg 1992}) 16. Ne6 $1 $16 {[%emt 0:09:13] White is better.} fxe6 17. dxe6 (17. Bxg6 Re7 $15) 17... Rxe6 {[%emt 0:00:06] White must now prevent ...Qb4.} 18. Kf2 $1 Bd4+ (18... Rb8 $1 $14 19. Bd5 Nf8) 19. Kg3 $18 Rae8 20. Bd5 {[%emt 0:01:19] Hoping for Re1.} Nf6 21. Bxe6+ Rxe6 22. Qb3 {[%emt 0:07:05] Inhibits d5.} (22. Re1 $18 Rxe1 23. Qxe1 (23. Bxe1 Qc7 $16)) 22... c4 $16 23. Qb8+ ({White should try} 23. Qd1 $16) 23... Re8 $1 $11 24. Qxd6 Bxc3 {[%emt 0:00:39] A strong pair of Bishops.} 25. Qxf6 {[%emt 0:00:09][%mdl 64] Pin, Double Attack. The board is on fire.} Re3+ 26. Kh2 $1 $16 (26. Kf2 $6 Bxd2 27. Rhd1 (27. Qxg6+ Kf8 $11) 27... Qd5 28. Qxg6+ Kf8 29. Qxh6+ (29. Qxa6 Re2+ 30. Kg3 Bxf4+ 31. Kg4 Qxg2+ 32. Kxf4 Qe4+ 33. Kg3 Rg2#) 29... Kf7 30. Qh7+ (30. Qxa6 Re2+ 31. Kg3 Bxf4+ 32. Kg4 Qg5+ 33. Kf3 Qg3+ 34. Kxe2 Qxg2+ 35. Ke1 Bg3#) 30... Kf8 31. Qh8+ (31. Qh6+ Ke8 $11) 31... Kf7 32. Qh7+ Kf8 33. Qh8+ (33. Qh6+ Ke8 $11) 33... Kf7 34. Qh7+ $11) 26... Bxd2 (26... Bxf6 $16 27. Bxa5 Bxb2) 27. Qxg6+ (27. Rhd1 $18) 27... Kf8 28. Qxh6+ Ke7 29. Qg7+ (29. Rhd1 $16 {Qg7+ is the strong threat.} Rd3 30. Rxd2 $1 (30. Qg7+ Kd8 $14) 30... Qxd2 31. Qxa6 Qxf4+ 32. Kg1 (32. Kh1 Rxh3+ 33. gxh3 Qf3+ 34. Kh2 Qf2+ 35. Kh1 Qf3+ 36. Kh2 Qf2+ 37. Kh1 Qf3+ $11) 32... Qd4+ 33. Kf1 (33. Kh1 Rxh3+ 34. gxh3 Qd5+ 35. Kh2 Qe5+ 36. Kg2 Qd5+ 37. Kg3 Qg5+ 38. Kf2 Qf4+ 39. Kg2 Qg5+ 40. Kh1 Qd5+ 41. Kh2 Qe5+ 42. Kh1 Qd5+ $11) 33... Rd1+ 34. Rxd1 Qxd1+ 35. Kf2 Qd2+ 36. Kf3 Qd5+ 37. Kg4 Qxg2+ 38. Kf4 Qh2+ 39. Kg5 Qg2+ 40. Kh6 Qxh3+ 41. Kg5) 29... Kd6 $14 30. Rad1 Qd5 {[%emt 0:02:08][%mdl 8192] Prevents Qd4.} ({Better is} 30... Rd3 $14 31. Rhf1 Kc6) 31. Qf6+ $18 Kc7 32. Qxa6 (32. Rxd2 $142 Qxd2 33. Qxa6) 32... Re2 33. Qxa7+ Kc8 34. Qa6+ Kc7 35. Qa7+ Kc8 {[%emt 0:00:01][%csl Gd5][%cal Re2g2] [#]} 36. Qa6+ $2 {Weighted Error Value: White=0.69/Black=0.33} (36. Rhg1 $1 $18 Bxf4+ 37. Kh1 Rxg2 38. Rxg2 (38. Rxd5 $2 Rh2#) 38... Qxd1+ 39. Qg1) 1/2-1/2

[Event "37th ECCC 2022"]
[Site "Mayrhofen"]
[Date "2022.10.04"]
[Round "2.71"]
[White "Noetzel, Felix"]
[Black "Hamalainen, Sami"]
[Result "*"]
[WhiteElo "2093"]
[BlackElo "2126"]
[Annotator "TA"]
[PlyCount "41"]
[EventDate "2022.10.03"]
[EventType "team-tourn"]
[EventCountry "AUT"]
[SourceTitle "playchess.com"]
[Source "ChessBase"]
[SourceQuality "1"]
[TimeControl "40/5400+30:1800+30"]

1. d4 Nf6 2. c4 c5 3. d5 e6 4. Nc3 exd5 5. cxd5 d6 6. e4 g6 7. Bd3 Bg7 8. h3 {[%emt 0:00:15] seems to push 8.Nge2 aside.} O-O 9. Nf3 b5 {[%emt 0:06:41] A70: Modern Benoni: 6 e4 g6 7 Nf3.} 10. Nxb5 {[%emt 0:17:26] [#] Not much happened in this game.} {Predecessor:} Re8 $146 11. O-O Nxe4 12. Bxe4 Rxe4 13. Nc3 Re8 14. Re1 Rxe1+ 15. Qxe1 Nd7 16. Bf4 Nf6 17. Qd2 Bb7 18. Re1 Qd7 19. Ng5 Re8 20. Nge4 Nxe4 21. Nxe4 {½-½ (45) Giri,A (2764)-Fier,A (2562) Chess.com INT 2020} *

[Event "37th ECCC 2022"]
[Site "Mayrhofen"]
[Date "2022.10.04"]
[Round "2.72"]
[White "Hartio, Ilkka"]
[Black "Boeddeker, Henry"]
[Result "*"]
[WhiteElo "1965"]
[BlackElo "2130"]
[Annotator "TA"]
[PlyCount "38"]
[EventDate "2022.10.03"]
[EventType "team-tourn"]
[EventCountry "AUT"]
[SourceTitle "playchess.com"]
[Source "ChessBase"]
[SourceQuality "1"]
[TimeControl "40/5400+30:1800+30"]

1. d4 Nf6 2. c4 g6 3. Nc3 Bg7 4. e4 d6 5. f3 O-O 6. Be3 c5 7. Nge2 Nc6 8. d5 Ne5 9. Ng3 h5 {[%emt 0:03:35] [#] Hoping for ...h4.} 10. Be2 {[%emt 0:01:10] E81: King's Indian: Sämisch: 6th move deviations (including 6 Be3 c6).} h4 11. Nf1 e6 12. f4 Nxc4 {[%emt 0:04:08] [#] Black got outplayed after the opening.  Weighted Error Value: White=0.00 (flawless) /Black=0.06 (flawless)} {Predecessor:} 13. Bxc4 $146 b5 14. Bxb5 exd5 15. exd5 h3 16. Qd2 Rb8 17. Bc6 Ne4 18. Nxe4 Rxb2 19. Qc1 hxg2 {0-1 (27) Hess,R (2591)-Kollars,D (2585) Chess.com INT 2020} *

[Event "37th ECCC 2022"]
[Site "Mayrhofen"]
[Date "2022.10.04"]
[Round "2.72"]
[White "Buselli, Daniel"]
[Black "Spindelberger, Paul"]
[Result "1-0"]
[ECO "E81"]
[WhiteElo "1667"]
[BlackElo "1983"]
[Annotator "TA"]
[PlyCount "77"]
[EventDate "2022.10.03"]
[EventType "team-tourn"]
[EventCountry "AUT"]
[SourceTitle "playchess.com"]
[Source "ChessBase"]
[SourceQuality "1"]
[TimeControl "40/5400+30:1800+30"]

1. d4 Nf6 2. c4 g6 3. Nc3 Bg7 4. e4 d6 5. f3 O-O 6. Be3 c5 7. Nge2 Nc6 8. d5 Ne5 9. Ng3 h5 {[%emt 0:03:35] [#] aiming for ...h4.} 10. Be2 {[%emt 0:01:10] E81: King's Indian: Sämisch: 6th move deviations (including 6 Be3 c6).} h4 11. Nf1 e6 12. f4 {[%emt 0:00:45] White is slightly better.} Nxc4 13. Bxc4 {[%emt 0:03:49] [#] dxe6 is the strong threat.} b5 $1 14. Bxb5 {[%emt 0:19:58][%cal Bc4b5,Bb5c6,Bc6a8][%mdl 32] [#] Strongly threatening dxe6.} Qa5 $146 (14... exd5 $16 {is a better defense.} 15. exd5 Rb8) ({Predecessor:} 14... exd5 15. exd5 h3 16. Qd2 Rb8 17. Bc6 Ne4 18. Nxe4 Rxb2 19. Qc1 hxg2 20. Rg1 gxf1=Q+ 21. Rxf1 {0-1 (27) Hess,R (2591)-Kollars,D (2585) Chess.com INT 2020}) 15. Qa4 Qb4 16. Qxb4 cxb4 17. Nd1 {[%emt 0:00:16] Hoping for Bc6.} Nxe4 (17... Bb7 $142 18. dxe6 fxe6) 18. Bc6 $18 exd5 $2 (18... Rb8 19. Bxa7 Rb7) 19. Bxa8 Be6 20. Bc6 f5 21. Nd2 d4 22. Nxe4 fxe4 23. O-O dxe3 24. Nxe3 Bd4 25. Rfe1 Rxf4 26. Rad1 Bc5 27. b3 h3 28. Bd5 {[%emt 0:10:34] White is clearly winning.} Kf7 29. Bxe6+ Kxe6 30. Kh1 Rf2 31. gxh3 Bxe3 (31... Rxa2 $142 32. Ng4 d5) 32. Rxe3 d5 33. Kg1 Rxa2 34. Rg3 Ra5 35. Rxg6+ Kf5 36. Rd6 Ke5 37. Rd8 e3 38. Re8+ Kf4 39. Rf1+ {[%emt 0:00:09] White took control after the opening.  Weighted Error Value: White=0.38/Black=0.48} 1-0

[Event "37th ECCC 2022"]
[Site "Mayrhofen"]
[Date "2022.10.04"]
[Round "2.73"]
[White "Maiwald, Jens-Uwe"]
[Black "Kokkila, Tero"]
[Result "*"]
[WhiteElo "2441"]
[BlackElo "2230"]
[Annotator "TA"]
[PlyCount "35"]
[EventDate "2022.10.03"]
[EventType "team-tourn"]
[EventCountry "AUT"]
[SourceTitle "playchess.com"]
[Source "ChessBase"]
[SourceQuality "1"]
[TimeControl "40/5400+30:1800+30"]

1. d4 Nf6 2. c4 e6 3. Nf3 d5 4. g3 Bb4+ 5. Bd2 Be7 6. Bg2 O-O 7. O-O Nbd7 8. Qc2 c6 9. Rd1 Ne4 10. Nc3 {[%emt 0:03:08] E11: Bogo-Indian.} f5 11. Be1 Bf6 {[%emt 0:12:07] [#] Not much happened in this game.  Weighted Error Value: White=0.11 (very precise) /Black=0.12 (very precise)} {Predecessor:} 12. b4 $146 g5 13. b5 Qe7 14. bxc6 bxc6 15. cxd5 cxd5 16. Rab1 Ba6 17. Nxe4 fxe4 18. Bb4 {½-½ (41) Podolchenko,E (2398)-Ladva,O (2530) Minsk 2017} *

[Event "37th ECCC 2022"]
[Site "Mayrhofen"]
[Date "2022.10.04"]
[Round "2.73"]
[White "Gallana, Marco"]
[Black "Meshkovs, Nikita"]
[Result "1/2-1/2"]
[ECO "E10"]
[WhiteElo "2265"]
[BlackElo "2566"]
[Annotator "TA"]
[PlyCount "69"]
[EventDate "2022.10.03"]
[EventType "team-tourn"]
[EventCountry "AUT"]
[SourceTitle "playchess.com"]
[Source "ChessBase"]
[SourceQuality "1"]
[TimeControl "40/5400+30:1800+30"]

1. d4 Nf6 2. c4 e6 3. Nf3 d5 4. g3 Bb4+ 5. Bd2 Be7 6. Bg2 O-O 7. O-O Nbd7 8. Qc2 c6 9. Rd1 Ne4 10. Nc3 {[%emt 0:03:08] E11: Bogo-Indian.} f5 11. Be1 Bf6 {[%emt 0:12:07] [#]} 12. Nd2 $146 {[%emt 0:16:35][%cal Bf3d2,Bd2b3,Bb3c5,Bc5d3,Bd3e5][%mdl 32] White is slightly better.} ({Predecessor:} 12. b4 g5 13. b5 Qe7 14. bxc6 bxc6 15. cxd5 cxd5 16. Rab1 Ba6 17. Nxe4 fxe4 18. Bb4 {½-½ (41) Podolchenko,E (2398)-Ladva,O (2530) Minsk 2017}) 12... Nd6 13. cxd5 exd5 14. e3 Nb6 15. a4 a5 16. Nb3 g5 17. Nc5 Bg7 18. Ne2 Kh8 19. b3 Qe7 20. Nd3 f4 (20... Ne4 $11 {keeps the balance.}) 21. exf4 $16 Bf5 22. Qb2 Nd7 23. Rac1 ({Better is} 23. fxg5 $16 {Hoping for h4.} Qxg5 24. Ndf4) 23... Rfe8 (23... Rae8 $11 24. Bf1 (24. Ne5 gxf4 25. gxf4 Bh6 $14) 24... Bh6) 24. Ne5 gxf4 25. Nxf4 Nxe5 26. dxe5 Bxe5 27. Bc3 Bxc3 28. Qxc3+ Qe5 29. Qc5 Ne4 $1 30. Bxe4 Bxe4 {[%emt 0:00:02] [#]} (30... Qxe4 $11 31. Qc3+ Qe5) 31. Re1 $1 Qg7 32. Nh5 Qe5 33. Nf4 (33. f3 $16 {And now Nf4 would win.} Qxh5 34. fxe4) 33... Qf6 (33... Qg7 $1 $11) 34. Nh5 Qe5 35. Nf4 {Weighted Error Value: White=0.23 (precise) /Black=0.22 (precise)} (35. f3 $16 Qxh5 36. fxe4) 1/2-1/2

[Event "37th ECCC 2022"]
[Site "Mayrhofen"]
[Date "2022.10.04"]
[Round "2.74"]
[White "Niemi, Mikko"]
[Black "Hoffmann, Hendrik"]
[Result "1-0"]
[ECO "E06"]
[WhiteElo "2306"]
[BlackElo "2238"]
[Annotator "TA"]
[PlyCount "127"]
[EventDate "2022.10.03"]
[EventType "team-tourn"]
[EventCountry "AUT"]
[SourceTitle "playchess.com"]
[Source "ChessBase"]
[SourceQuality "1"]
[TimeControl "40/5400+30:1800+30"]

1. c4 Nf6 2. g3 e6 3. Nf3 d5 4. d4 Be7 5. Bg2 O-O 6. O-O c5 7. cxd5 exd5 8. dxc5 Bxc5 9. Qc2 Bb6 10. Nc3 Nc6 11. Bg5 {[%emt 0:06:01] 11.Na4 is more advanced technology. D30: Queen's Gambit Declined: Systems without Nc3.} d4 12. Na4 h6 13. Nxb6 {[%emt 0:06:54] The position is equal.} axb6 14. Bf4 (14. Bxf6 $11 Qxf6 15. a3) 14... Be6 (14... Ra5 $15) 15. Rfd1 $11 {[%emt 0:03:58] [#]} Re8 $146 ({Predecessor:} 15... Ra5 16. b4 Rd5 17. Qb2 b5 18. Ne1 Rd7 19. a4 bxa4 20. Rxa4 Qb6 21. Nd3 Bc4 {1-0 (21) Lupulescu,C (2630)-Kowsarinia,A (2331) Baku 2014}) 16. Ne5 Bd5 {[%emt 0:16:17] [#] Strongly threatening ...Bxg2.} 17. Nxc6 Bxc6 18. Bxc6 bxc6 19. Qxc6 Rxe2 20. Qb5 Qe8 21. Qxe8+ Raxe8 22. Rxd4 Rxb2 23. Be3 b5 24. a3 Ra8 25. Rd3 Ne4 26. Re1 b4 27. f3 {[%emt 0:05:46] [#]} ({White should try} 27. axb4 $11 Rxb4 28. Rc1) 27... bxa3 $1 28. fxe4 a2 29. Rdd1 Rab8 30. Ra1 Rc8 31. Kf1 Rxh2 32. Re2 Rxe2 (32... Rh1+ $2 33. Bg1 $18) 33. Kxe2 {[%emt 0:00:01][%mdl 4096] Endgame KRB-KR} Rc2+ 34. Bd2 {[%emt 0:01:08] Threatens to win with Kd3.} Kh7 $2 (34... Rb2 $11) 35. Kd3 $18 Rb2 36. Kc3 {[%emt 0:00:22] Prevents Rb3+.} Rb5 37. Rxa2 f5 (37... h5 $142 38. Ra7 Kg6) 38. Kc4 Re5 39. exf5 Rxf5 40. Bf4 (40. Kd4 $18 {and White stays clearly on top.}) 40... Rf7 $2 (40... Kg6 $16 41. Ra4 Kh5) 41. Kd5 Kg6 42. Ke6 ({Better is} 42. Ke4 $18) 42... Rf6+ $16 43. Ke5 Kh7 $2 (43... Kh5 $16 {is more resistant.} 44. Ra7 Rg6) 44. Ra7 Kg8 45. Ke4 Rg6 46. Be5 Rg5 47. Rd7 {[%emt 0:00:45] Hoping for Bf4.} Kh7 (47... Rg6 $18 48. Ra7 Rg5) 48. Bf4 Rg6 49. Rd6 Rg4 50. Kf3 (50. Kf5 $142 h5 51. Rd8 g6+ 52. Ke6 g5 53. Be5 Re4 54. Kf5 Rxe5+ 55. Kxe5) 50... Rg6 51. Rxg6 {[%emt 0:01:11] White mates.} Kxg6 {[%emt 0:00:04] KB-KPP} 52. Be5 h5 53. Bc7 Kg5 54. Bd8+ Kf5 55. Be7 Ke5 56. Bf8 g6 57. Bh6 Kf5 58. Bf4 g5 59. Bc7 Kf6 60. Ke4 Kg6 61. Bd8 Kh6 62. Kf5 h4 63. Bxg5+ Kh5 64. g4# {[%emt 0:00:13] Weighted Error Value: White=0.23 (precise) /Black=0.62} 1-0

[Event "37th ECCC 2022"]
[Site "Mayrhofen"]
[Date "2022.10.04"]
[Round "2.74"]
[White "Salo, Heikki"]
[Black "Hausner, Ivan"]
[Result "*"]
[ECO "A10"]
[WhiteElo "2248"]
[BlackElo "2266"]
[Annotator "TA"]
[PlyCount "36"]
[EventDate "2022.10.03"]
[EventType "team-tourn"]
[EventCountry "AUT"]
[SourceTitle "playchess.com"]
[Source "ChessBase"]
[SourceQuality "1"]
[TimeControl "40/5400+30:1800+30"]

1. c4 Nf6 2. g3 e6 3. Nf3 d5 4. d4 Be7 5. Bg2 O-O 6. O-O c5 7. cxd5 exd5 8. dxc5 Bxc5 9. Qc2 Bb6 10. Nc3 Nc6 11. Bg5 {[%emt 0:06:01] [#] A rather calm draw. 11.Na4 might become the main line. D30: Queen's Gambit Declined: Systems without Nc3.} {Predecessor:} d4 $146 12. Ne4 Bf5 13. Nh4 Bxe4 14. Bxe4 h6 15. Bxf6 Qxf6 16. Nf3 Rfe8 17. a3 Re7 18. Rac1 Rae8 {1-0 (35) Andreikin,D (2728)-Shipov,S (2541) Chess.com INT 2021} *